 Dungeon Crawl Stone Soup version 0.30-a0-1163-gf69bf04e7a (webtiles) character file.

Game seed: 18073634541103747388

127 Ahpoh the Slasher (level 5, -1/28 HPs)
             Began as a Vine Stalker Berserker on Apr 28, 2023.
             Was a Believer of Trog.
             Slain by an orc
             ... wielding a +2 short sword of electrocution
              (16 damage)
             ... on level 3 of the Dungeon.
             The game lasted 00:06:52 (2451 turns).

Ahpoh the Slasher (Vine Stalker Berserker)          Turns: 2451, Time: 00:06:52

Health: -1/28      AC:  9    Str: 18    XL:     5   Next: 11%
Magic:  0/6        EV: 11    Int:  5    God:    Trog [**....]
Gold:   96         SH:  0    Dex: 23    Spells: 4/4 levels left

rFire   . . .        c - +0 long sword
rCold   + . .        (no shield)
rNeg    . . .        e - +2 scale mail {rC+}
rPois   .            (helmet restricted)
rElec   .            h - +0 cloak
rCorr   .            (no gloves)
SInv    .            (no boots)
Will    .....        (no amulet)
Stlth   +            (no ring)
HPRegen 1.04/turn    (no ring)
MPRegen 0.10/turn

%: guardian spirit
@: no status effects
A: fangs 2, regeneration 1, magic shield, antimagic bite, no potion heal 2,
antennae 1, agile 2
a: Renounce Religion, Berserk, Trog's Hand


You were on level 3 of the Dungeon.
You worshipped Trog.
Trog was pleased with you.
You visited 1 branch of the dungeon, and saw 3 of its levels.

You collected 306 gold pieces.
You spent 210 gold pieces at shops.

Inventory:

Hand Weapons
 c - a +0 long sword (weapon)
Armour
 e - a +2 scale mail of cold resistance (worn)
 h - a +0 cloak (worn)
Scrolls
 b - a scroll of enchant weapon {unknown}
 d - a scroll of teleportation
 g - a scroll of noise
 i - a scroll of identify
Potions
 a - a potion of might
 f - a potion of ambrosia {unknown}


   Skills:
 + Level 3.5 Fighting
 + Level 3.8 Long Blades
 + Level 1.8 Armour
 + Level 2.3 Dodging
 + Level 1.0 Stealth


You had 4 spell levels left.
You didn't know any spells.
Your spell library was empty.

Dungeon Overview and Level Annotations

Branches:
Dungeon (3/15)

Altars:

Shops:
D:2 !:[*[


Innate Abilities, Weirdness & Mutations

You have extremely sharp teeth.
Your natural rate of healing is unusually fast.
When hurt, damage is shared between your health and your magic reserves.
Your bite disrupts and absorbs the magic of your enemies.
Potions cannot restore your health.
You have a pair of small antennae on your head.
You are very agile. (Dex +8, Str/Int -2)


Message History

The gnoll is almost dead.
The gnoll barely misses you.
You barely miss the gnoll.
The gnoll is almost dead.
The gnoll hits you with a +0 halberd.
You barely miss the gnoll. You bite the gnoll.
You kill the gnoll!
Trog accepts your kill.
You are no longer berserk.
You are exhausted.
You feel yourself slow down.
You see here a +0 halberd.
You start resting.
HP restored.
You start waiting.
You feel yourself speed up.
You start waiting.
You recover from your berserk rage.
Found a stone staircase leading down.
An orc comes into view.
It is wielding a +2 short sword of electrocution.
An orc comes into view. It is wielding a +0 hand axe.
The orc shouts!
An orc comes into view. It is wielding a +0 trident.
You see here 7 gold pieces.
You now have 96 gold pieces (gained 7).
The orc shouts!
An orc comes into view. It is wielding a +0 mace.
The orc moves out of view.
A bat comes into view.
There is a stone staircase leading up here.
You slash the bat!
You kill the bat!
Trog accepts your kill.
An orc comes into view.
It is wielding a +1 dagger of protection.
The orc hits you with a +2 short sword of electrocution.
You are electrocuted!
The orc hits you with a +2 short sword of electrocution.
You are electrocuted!!
Ouch! That really hurt!
You die...

#.#.# ...# #.#.# ....##
#.#.# ......
###########.#.###....# #
..................#..#.#
.#..#####...............
.................>#....#
..#.#<....##....†....#
..#.............@..###
#.#.###....###.##o.#
#.#..........#.....#
#.#####..#.#.#o.......
#.. ...# # ....o.... ###
## # ##....##... ....#
..# .#o.# .# .....


You could see 3 orcs.

Vanquished Creatures
  An iguana (D:3)
  3 gnolls (D:3)
  2 adders (D:2)
  A worm (D:2)
  A dart slug (D:1)
  4 ball pythons
  7 endoplasms (D:1)
  A giant cockroach (D:1)
  6 goblins
  4 hobgoblins
  2 quokkas
  5 bats
  3 frilled lizards
  8 kobolds
  3 rats
51 creatures vanquished.

Notes
Turn   | Place    | Note
-------+----------+-------------------------------------------
     0 | D:1      | Ahpoh the Vine Stalker Berserker began the quest for the
                  | Orb.
     0 | D:1      | Reached XP level 1. HP: 11/11 MP: 2/2
   196 | D:1      | Reached XP level 2. HP: 13/16 MP: 1/3
   656 | D:1      | Found a faded altar of an unknown god.
   656 | D:1      | Noticed a balrug
   788 | D:1      | Gained mutation: You are agile. (Dex +4, Str/Int -1)
                  | [potion of mutation]
   788 | D:1      | Gained mutation: You have a pair of small antennae on your
                  | head. [potion of mutation]
   788 | D:1      | Gained mutation: You are very agile. (Dex +8, Str/Int -2)
                  | [potion of mutation]
   840 | D:1      | Reached XP level 3. HP: 20/20 MP: 4/4
  1329 | D:2      | Found Sebaete's General Store.
  1342 | D:2      | Bought a potion of degeneration for 14 gold pieces
  1348 | D:2      | Found Faeng's Antique Armour Shop.
  1410 | D:2      | Found Nudwem's Book Shoppe.
  1419 | D:2      | Reached ** piety under Trog
  1420 | D:2      | Gained mutation: Your natural rate of healing is unusually
                  | fast. [Vine Stalker growth]
  1420 | D:2      | Reached XP level 4. HP: 22/24 MP: 5/5
  1590 | D:2      | Found Misacastru's Distillery.
  1843 | D:2      | Found Xaconk's Antique Armour Emporium.
  1871 | D:2      | Bought a glowing scale mail for 196 gold pieces
  2374 | D:3      | Reached skill level 1 in Stealth
  2374 | D:3      | Reached XP level 5. HP: 24/28 MP: 4/6
  2451 | D:3      | Slain by an orc

Illustrated notes

Levels and vault maps discovered:
D:1:      dpeg_arrival_rooms_a, layout_basic,
          dreamdust_ecumenical_altar_sealed_demon, minmay_indecisive_spiral
D:2:      layout_basic, serial_shops,
          nicolae_shop_temple_entry_statues_fountains, shop,
          nicolae_shop_crystal, shop, shop_coins
D:3:      layout_basic, evilmike_ruin_ashenzari, bloody_makhleb

Skill      XL: |  1  2  3  4 |
---------------+-------------+-----
Fighting       | 3 |  3.5
Long Blades    | 3 |  3.8
Dodging        | 2 |  2.3
Stealth        | 1 |  1.0
Armour         | |  1.8

Action                     |  1- 3 |  4- 6 || total
---------------------------+-------+-------++-------
  Melee: Falchion          |    11 |       ||    11
         Long sword        |    79 |    32 ||   111
         Bite              |    17 |    12 ||    29
 Invoke: Berserk           |       |     1 ||     1
    Use: Potion            |     3 |       ||     3
         Scroll            |     3 |     1 ||     4
   Stab: Sleeping          |     2 |     2 ||     4
 Armour: Animal skin       |    19 |       ||    19
         Scale mail        |       |     3 ||     3
  Dodge: Dodged            |    62 |    12 ||    74

Table legend: (Time is in decaauts)
 A = Elapsed time spent in this place.
 B = Non-inter-level travel time spent in this place.
 C = Inter-level travel time spent in this place.
 D = Time resting spent in this place.
 E = Time spent auto-exploring this place.
 F = Levels seen in this place.
 G = Mean time per level.
                   A        B        C        D        E       F      G
               +--------+--------+--------+--------+--------+-----+--------+
         Total |   2470 |   2266 |    204 |    127 |   1579 |   3 |  823.3 |
       Dungeon |   2470 |   2266 |    204 |    127 |   1579 |   3 |  823.3 |
               +--------+--------+--------+--------+--------+-----+--------+

Top non-repeatable levels by time:
     D:1: 1250 daAuts
     D:2: 982 daAuts
     D:3: 236 daAuts
